 Dungeon Crawl Stone Soup version 0.29-a0-780-g652cadfb38 (webtiles) character file.

Game seed: 16766148267081074002

1 Bruhh the Trooper (level 1, 20/20 HPs)
             Began as a Hill Orc Fighter on July 2, 2022.
             Quit the game on level 1 of the Dungeon.
             The game lasted 00:01:12 (35 turns).

Bruhh the Trooper (Hill Orc Fighter)                  Turns: 35, Time: 00:01:12

Health: 20/20      AC:  6    Str: 18    XL:     1   Next: 20%
Magic:  1/1        EV:  9    Int:  8    God:
Gold:   0          SH:  4    Dex: 10    Spells: 0/0 levels left

rFire   . . .      SeeInvis .   a - +0 rapier
rCold   . . .      Faith    .   c - +0 buckler
rNeg    . . .      Spirit   .   b - +0 scale mail
rPois   .          Reflect  .   (no helmet)
rElec   .          Harm     .   (no cloak)
rCorr   .          Rampage  .   (no gloves)
Will    .....                   (no boots)
Stlth   ..........              (no amulet)
HPRegen 0.06/turn               (no ring)
MPRegen 0.07/turn               (no ring)

@: no status effects
A: no striking features
a: no special abilities


You were on level 1 of the Dungeon.
You visited 1 branch of the dungeon, and saw 1 of its levels.

Inventory:

Hand Weapons
 a - a +0 rapier (weapon)
Armour
 b - a +0 scale mail (worn)
 c - a +0 buckler (worn)
Jewellery
 e - a ring of positive energy
Potions
 d - a potion of might


   Skills:
 + Level 3.6 Fighting
 + Level 2.0 Short Blades
 + Level 3.3 Armour
 + Level 3.3 Shields


You couldn't memorise any spells.
You didn't know any spells.
Your spell library was empty.

Dungeon Overview and Level Annotations

Branches:
Dungeon (1/15)

Altars:


Message History

Press ? for a list of commands and other information.
Found a tubular sapphire ring.
Found a staircase leading out of the dungeon.
Sorry, you're not good enough to have a special ability.
e - a ring of positive energy You open the door.
There is an open door here.
You open the large door.
There is a large open door here.
You open the large door.
There is a large open door here.
A bat comes into view.
Found a scroll labelled MIROAPUYSO.
The bat moves out of view.
A bat is nearby!
A bat is nearby!
A bat is nearby!
A bat is nearby!
You hit the bat but do no damage. The bat closely misses you.
You miss the bat. The bat misses you. You block the bat's attack.
You hit the bat but do no damage. The bat hits you but does no damage.
You block the bat's attack. The bat barely misses you.
Found a trident.
Found a stone staircase leading down.
The bat closely misses you.
A bat is nearby!
A bat is nearby!
A bat is nearby!
A bat is nearby!
Found a glowing yellow potion.
The bat closely misses you.
You hit the bat.
You kill the bat!
No target in view!
No target in view!
No target in view!
No target in view!
No target in view!
Welcome back, Bruhh the Hill Orc Fighter.
Press ? for a list of commands and other information.
Unknown command.
Are you sure you want to abandon this character and quit the game? (Confirm with "yes".)

#...# ♣♣♣#.♣.#
♣⌠♣#...#
#♣.♣#''##..#
#..........#
#.########.#
#.##.#
#.##.########.#
#.......@.....#
#.##...####!..#
#.............#
#.......####..
#..###......
#..# .)..###
.?........#
###..#.......
#.......>..#


There were no monsters in sight!

Vanquished Creatures
  A bat (D:1)
1 creature vanquished.

Notes
Turn   | Place    | Note
-------+----------+-------------------------------------------
     0 | D:1      | Bruhh the Hill Orc Fighter began the quest for the Orb.
     0 | D:1      | Reached XP level 1. HP: 19/19 MP: 1/1
    35 | D:1      | Quit the game

Illustrated notes

Levels and vault maps discovered:
D:1:      sevenhm_arrival_forest_fort_small_3, layout_loops_ring

Action                   || total
-------------------------++-------
Melee: Rapier            ||     4
Armor: Scale mail        ||     1
Dodge: Dodged            ||     5
Block: Buckler           ||     2

Table legend: (Time is in decaauts)
 A = Elapsed time spent in this place.
 B = Non-inter-level travel time spent in this place.
 C = Inter-level travel time spent in this place.
 D = Time resting spent in this place.
 E = Time spent auto-exploring this place.
 F = Levels seen in this place.
 G = Mean time per level.
                   A        B        C        D        E       F      G
               +--------+--------+--------+--------+--------+-----+--------+
         Total |     35 |     31 |      4 |      0 |     19 |   1 |   35.0 |
       Dungeon |     35 |     31 |      4 |      0 |     19 |   1 |   35.0 |
               +--------+--------+--------+--------+--------+-----+--------+

Top non-repeatable levels by time:
     D:1: 35 daAuts
